 Dungeon Crawl Stone Soup version 0.29.1-12-g30fa7ad0bf (webtiles) character file.

Game seed: 12081366603909844632

632 Jotpek the Cudgeller (level 7, -9/60 HPs)
             Began as a Minotaur Fighter on Dec 12, 2022.
             Was an Initiate of Wu Jian.
             Mangled by an ogre
             ... wielding a +0 giant club
              (20 damage)
             ... on level 5 of the Dungeon.
             The game lasted 00:11:46 (3797 turns).

Jotpek the Cudgeller (Minotaur Fighter)             Turns: 3797, Time: 00:11:46

Health: -9/60      AC: 10    Str: 23    XL:     7   Next: 24%
Magic:  6/6        EV:  7    Int:  5    God:    Wu Jian [......]
Gold:   221        SH: 12    Dex:  9    Spells: 6/6 levels left

rFire   + . .      SeeInvis .   a - +0 flail
rCold   . . .      Faith    .   y - +0 tower shield
rNeg    . . .      Spirit   .   o - +2 scale mail {rF+}
rPois   .          Reflect  .   (helmet restricted)
rElec   .          Harm     .   (no cloak)
rCorr   .          Rampage  .   q - +0 pair of gloves
Will    .....                   (no boots)
Stlth   ..........              (no amulet)
HPRegen 0.20/turn               (no ring)
MPRegen 0.10/turn               (no ring)

@: no status effects
A: horns 2, retaliatory headbutt
a: Renounce Religion


You were on level 5 of the Dungeon.
You worshipped Wu Jian.
Wu Jian was noncommittal.
You visited 1 branch of the dungeon, and saw 5 of its levels.

You collected 221 gold pieces.

Inventory:

Hand Weapons
 a - a +0 flail (weapon)
 l - a +0 club
Missiles
 v - 5 large rocks
Armour
 b - a +0 scale mail
 c - a +0 buckler
 m - a +0 chain mail
 o - a +2 scale mail of fire resistance (worn)
 q - a +0 pair of gloves (worn)
 x - a +0 helmet
 y - a +0 tower shield (worn)
Jewellery
 i - a +6 ring of dexterity
Scrolls
 e - 4 scrolls of magic mapping {unknown}
 f - 2 scrolls of butterflies {unknown}
 j - a scroll of amnesia {unknown}
 k - 8 scrolls of identify {unknown}
 r - 2 scrolls of enchant armour {unknown}
 t - 2 scrolls of enchant weapon {unknown}
 u - a scroll of summoning {unknown}
 w - a scroll of teleportation {unknown}
 A - a scroll of poison {unknown}
Potions
 d - 4 potions of might
 g - a potion of invisibility {unknown}
 h - a potion of brilliance {unknown}
 n - 3 potions of haste {unknown}
 p - a potion of heal wounds
 s - a potion of berserk rage {unknown}
 z - a potion of magic {unknown}
 B - a potion of degeneration {unknown}


   Skills:
 + Level 4.6 Fighting
 + Level 6.1 Maces & Flails
 + Level 5.8 Armour
 + Level 2.1 Dodging
 + Level 1.2 Stealth
 + Level 5.4 Shields


You had 6 spell levels left.
You didn't know any spells.
Your spell library contained the following spells:

 Spells                   Type           Power      Damage    Failure   Level
 Shock                    Conj/Air       0%         1d3       100%        1
 Ensorcelled Hibernation  Hex/Ice        0%         N/A       100%        2
 Passwall                 Tmut/Erth      0%         N/A       100%        2
 Swiftness                Air            0%         N/A       100%        3


Dungeon Overview and Level Annotations

Branches:
Dungeon (5/15)
 Temple: D:4-7

Altars:
Ashenzari
Cheibriados
Fedhas
Kikubaaqudgha
Nemelex Xobeh
Okawaru
Uskayaw
Wu Jian
Xom
Yredelemnul

Shops:
D:4 (


Innate Abilities, Weirdness & Mutations

You have a pair of horns on your head.
You reflexively headbutt those who attack you in melee.


Message History

You block the orc's attack. The orc hits you but does no damage.
Things that are here:
a +0 flail; an orc corpse You barely miss the orc.
You headbutt the orc.
You kill the orc!
The Council accepts your kill.
You now have 213 gold pieces (gained 9).
Things that are here:
a +0 short sword; a +0 ring mail; an orc corpse
Things that are here:
a +0 flail; an orc corpse
Things that are here:
a +4 whip of venom; 6 stones You now have 221 gold pieces (gained 8).
Found a robe.
Found a stone staircase leading up.
An ogre comes into view. It is wielding a +0 giant club.
The ogre shouts!
A scorpion comes into view.
You lunge at the ogre.
You barely miss the ogre. The ogre hits you with a +0 giant club!
You hit the ogre. Your headbutt misses the ogre.
The ogre is lightly wounded.
The ogre hits you with a +0 giant club!
You closely miss the ogre.
The ogre is lightly wounded.
You hit the ogre.
The ogre is moderately wounded.
You block the ogre's attack.
You hit the ogre. Your headbutt misses the ogre.
The ogre is moderately wounded.
The ogre hits you with a +0 giant club!!
* * * LOW HITPOINT WARNING * * *
The scorpion stings you but does no damage. x2
The ogre attacks as you move away! You block the ogre's attack.
The scorpion misses you. The scorpion attacks as you move away!
You block the scorpion's attack.
The ogre hits you with a +0 giant club!!
You die...

.....##.......#..##
#................#
.#..........##...##
............#....#
...............###
..............##
#.............#
##..........Os#
#.........#..@#
##....##.######
###.# ### ##


You could see an ogre and a scorpion.

Vanquished Creatures
  A sky beast (D:4)
  Pargi (D:3)
  A black bear (D:5)
  An ogre (D:4)
  A scorpion (D:4)
  An orc priest (D:5)
  A hound (D:2)
  An iguana (D:4)
  An orc wizard (D:5)
  2 adders (D:3)
  A gnoll (D:1)
  An ufetubus (D:5)
  4 dart slugs
  10 orcs (D:5)
  2 ball pythons
  2 endoplasms
  3 giant cockroaches
  4 goblins
  7 hobgoblins
  5 jackals (D:2)
  6 quokkas
  4 bats
  4 frilled lizards
  4 kobolds
  4 rats
72 creatures vanquished.

Vanquished Creatures (others)
  A fungus (D:1)
1 creature vanquished.

Grand Total: 73 creatures vanquished

Notes
Turn   | Place    | Note
-------+----------+-------------------------------------------
     0 | D:1      | Jotpek the Minotaur Fighter began the quest for the Orb.
     0 | D:1      | Reached XP level 1. HP: 19/19 MP: 0/0
    93 | D:1      | Reached XP level 2. HP: 25/27 MP: 1/1
   190 | D:1      | Found a faded altar of an unknown god.
   197 | D:1      | Got Plato's Teachings on the Lungs
   401 | D:1      | Reached XP level 3. HP: 33/33 MP: 2/2
   905 | D:2      | Reached skill level 3 in Maces & Flails
   905 | D:2      | Reached XP level 4. HP: 34/40 MP: 3/3
  1730 | D:3      | Found a basalt altar of Yredelemnul.
  1730 | D:3      | Found a blossoming altar of Fedhas.
  1731 | D:3      | Found a shimmering altar of Xom.
  1731 | D:3      | Found a snail-covered altar of Cheibriados.
  1732 | D:3      | Found an iron altar of Okawaru.
  1732 | D:3      | Found an ancient bone altar of Kikubaaqudgha.
  1732 | D:3      | Found a sparkling altar of Nemelex Xobeh.
  1733 | D:3      | Found a hide-covered altar of Uskayaw.
  1733 | D:3      | Found a broken altar of Ashenzari.
  1734 | D:3      | Found an ornate altar of the Wu Jian Council.
  1759 | D:3      | Became a worshipper of the Wu Jian Council
  1857 | D:3      | Noticed Pargi
  1862 | D:3      | Killed Pargi
  1863 | D:3      | Reached skill level 4 in Maces & Flails
  1863 | D:3      | Reached skill level 1 in Dodging
  1863 | D:3      | Reached XP level 5. HP: 46/46 MP: 4/4
  2147 | D:3      | Reached skill level 5 in Armour
  2311 | D:4      | Noticed a sky beast
  2325 | D:4      | Killed a sky beast
  2326 | D:4      | Reached skill level 5 in Maces & Flails
  2326 | D:4      | Reached XP level 6. HP: 42/52 MP: 5/5
  2675 | D:4      | Reached skill level 5 in Shields
  2932 | D:4      | Found Uxoschobygh's Antique Weapon Shoppe.
  2947 | D:4      | Reached skill level 1 in Stealth
  3392 | D:5      | Entered Level 5 of the Dungeon
  3439 | D:5      | Reached skill level 6 in Maces & Flails
  3439 | D:5      | Reached XP level 7. HP: 47/60 MP: 6/6
  3797 | D:5      | Mangled by an ogre

Illustrated notes

Levels and vault maps discovered:
D:1:      evilmike_arrival_crescent, layout_loops_ring,
          shapermc_ecumenical_altar_rom_forum
D:2:      layout_loops_cross
D:3:      layout_basic, nicolae_overflows_in_rows, uniq_pargi
D:4:      layout_cave_pods, serial_shops, nicolae_shop_hallway_stairs
D:5:      layout_cave_pools, minmay_temple_entry_antechambers,
          uniq_crazy_yiuf_cottage

Skill      XL: |  1  2  3  4  5  6  7 |
---------------+----------------------+-----
Armour         | 4 5 |  5.8
Shields        | 4 5 |  5.4
Fighting       | 4 |  4.6
Maces & Flails | 3 4 5 6 |  6.1
Dodging        | 1 2 |  2.1
Stealth        | 1 |  1.2

Action                   |  1- 3 |  4- 6 |  7- 9 || total
-------------------------+-------+-------+-------++-------
Melee: Flail             |    94 |    64 |    37 ||   195
       Headbutt          |     8 |    13 |     8 ||    29
Invok: Lunge             |       |     3 |     2 ||     5
  Use: Potion            |       |       |     1 ||     1
Armor: Scale mail        |    46 |    56 |    24 ||   126
       Chain mail        |    12 |       |       ||    12
Dodge: Dodged            |    36 |    38 |    12 ||    86
Block: Buckler           |    28 |     7 |       ||    35
       Tower shield      |       |    38 |    26 ||    64
